 Dungeon Crawl Stone Soup version 0.20.1-1-g8b1a95d (webtiles) character file.

4046 Qayin the Jinx (level 10, 0/63 HPs)
             Began as a Vampire Enchanter on Nov 8, 2017.
             Was a Believer of Makhleb.
             Slain by a wyvern (18 damage)
             ... on level 9 of the Dungeon on Nov 10, 2017.
             The game lasted 01:18:47 (8528 turns).

Qayin the Jinx (Vampire Enchanter)                  Turns: 8528, Time: 01:18:48

Health: 0/63       AC:  6    Str:  7    XL:     10   Next: 4%
Magic:  1/13       EV: 17    Int: 35    God:    Makhleb [**....]
Gold:   708        SH:  0    Dex: 15    Spells: 1/13 levels left

rFire    + . .     SeeInvis +   p - +2 short sword (elec)
rCold    + . .     Gourm    .   (no shield)
rNeg     + + .     Faith    .   N - +0 leather armour of Servitude {rF+} (curse)
rPois    +         Spirit   .   B - +0 helmet
rElec    .         Reflect  .   R - +0 cloak
rCorr    +         Harm     .   L - +0 pair of gloves "Tal Yrul" {*Slow Int+10 Stlth-}
MR       +....                  (no boots)
Stlth    ++++......             (no amulet)
Regen    0.1/turn               t - +4 ring of intelligence
MPRegen  0.2/turn               x - ring of resist corrosion

@: regenerating slowly, slowed, very slow
A: fangs 3, see invisible, unbreathing
a: Bat Form, Minor Destruction, Renounce Religion


You were on level 9 of the Dungeon.
You worshipped Makhleb.
Makhleb was pleased with you.
You were very thirsty.

You visited 2 branches of the dungeon, and saw 10 of its levels.

You collected 708 gold pieces.

Inventory:

Hand Weapons
 a - a +1 dagger
 e - a cursed +0 morningstar of protection
 f - a +0 hunting sling
 o - a +0 antimagic war axe
 p - a +2 short sword of electrocution (weapon)
 v - a +1 trident of protection
 A - a cursed -2 flail
 P - the +7 falchion "Qevuqiut" {slice, +Blink}
   (You found it on level 7 of the Dungeon)

   It inflicts extra damage upon your enemies.
   It lets you blink.
Missiles
 g - 213 stones (quivered)
 u - 117 sling bullets
 Q - 5 tomahawks
Armour
 b - a +0 buckler
 B - a +0 helmet (worn)
 K - a +3 leather armour
 L - the +0 pair of gloves "Tal Yrul" (worn) {*Slow Int+10 Stlth-}
   (You found it on level 6 of the Dungeon)

   It affects your intelligence (+10).
   It may slow you when you take damage.
   It makes you less stealthy.
 M - a +2 robe
 N - the cursed +0 leather armour of Servitude (worn) {rF+}
   (You found it on level 6 of the Dungeon)

   It protects you from fire.
   It has a curse placed upon it.
 R - a +0 cloak (worn)
 U - the +1 chain mail of the Heron {rPois, unknown}
   (You found it on level 9 of the Dungeon)

   It protects you from poison.
 V - +0 steam dragon scales
Jewellery
 j - an uncursed amulet of faith
 t - a +4 ring of intelligence (left hand)
 x - a ring of resist corrosion (right hand)
 S - an uncursed ring of ice
Wands
 m - a wand of polymorph (10/24)
 r - a wand of flame (24/48)
 s - a wand of digging (0/24)
 J - a wand of paralysis (15/24)
 O - a wand of random effects (17/48)
 T - a wand of acid (12/15)
Scrolls
 l - 3 scrolls of remove curse
 n - 3 scrolls of amnesia
 q - a scroll of enchant weapon {unknown}
 w - a scroll of blinking {unknown}
 y - a scroll of fog {unknown}
 F - 2 scrolls of immolation {unknown}
 G - 2 scrolls of teleportation {unknown}
 H - 2 scrolls of recharging {unknown}
Potions
 d - 13 potions of blood
 h - a potion of resistance {unknown}
 i - 4 potions of agility
 k - 2 potions of brilliance
 z - 3 potions of haste
 C - 2 potions of cancellation
 D - 2 potions of invisibility
 E - 2 potions of mutation
 I - 3 potions of heal wounds
 W - a potion of might {unknown}
Books
 c - a book of Maledictions

   Spells                             Type                      Level
   a - Corona                         Hexes                        1
   b - Ensorcelled Hibernation        Hexes/Ice                    2
   c - Confuse                        Hexes                        3
   d - Tukima's Dance                 Hexes                        3
   e - Dazzling Spray                 Conjuration/Hexes            3


   Skills:
 + Level 5.9 Short Blades
 * Level 8.8 Dodging
 + Level 10.3 Stealth
 - Level 2.0 Spellcasting
 * Level 12.2 Hexes
 - Level 3.7 Ice Magic


You had one spell level left.
You knew the following spells:

 Your Spells              Type           Power        Failure   Level  Hunger
a - Corona                Hex            ######.      1%          1    None
b - Ensorcelled Hibernat  Hex/Ice        ######       1%          2    ##.....
c - Confuse               Hex            ######..     1%          3    ###....
d - Tukima's Dance        Hex            ######..     1%          3    ###....
e - Dazzling Spray        Conj/Hex       #####.       1%          3    ###....


Dungeon Overview and Level Annotations

Branches:
Dungeon (9/15)             Temple (1/1) D:6
   Lair: D:8-11         Orc: D:9-12

Altars:
Ashenzari
Cheibriados
Dithmenos
Elyvilon
Fedhas
Gozag
Hepliaklqana
Kikubaaqudgha
Makhleb
Nemelex Xobeh
Okawaru
Qazlal
Ru
Sif Muna
Trog
Uskayaw
Vehumet
Yredelemnul
Zin
The Shining One

Shops:
D:5 }(

Annotations:
D:1 cleared
D:2 cleared, exclusion: downstairs
D:3 cleared
D:4 cleared
D:5 cleared
D:6 cleared
D:7 cleared
D:8 otherwise cleared, exclusion: downstairs, Joseph; Maurice
D:9 exclusions: centaur warrior and fire dragon, Linguinho's ghost, novice DsFi


Innate Abilities, Weirdness & Mutations

You heal slowly.
You have razor-sharp teeth.
You have supernaturally acute eyesight. (SInv)
You can survive without breathing.


Message History

You hit the wyvern but do no damage.
The wyvern is moderately wounded.
The wyvern bites you!
A centaur skeleton comes into view.
You hit the wyvern.
The wyvern is moderately wounded.
The wyvern closely misses you.
You hit the wyvern.
The wyvern is moderately wounded.
The wyvern completely misses you.
You hit the wyvern.
The wyvern is heavily wounded.
The wyvern bites you! The wyvern closely misses you. The wyvern bites you.
You feel yourself slow down. The wyvern bites you.
* * * LOW HITPOINT WARNING * * *
The wyvern misses you.
The wyvern stops glowing.
The wyvern misses you. The wyvern closely misses you. The wyvern bites you!!
You die...

[......[..#.........#............
)#...###..#....#....#............
)#...# #..#..#...#..#....###.....
##...# #..#.........#............
#.#.# #....#..#).#.o.........>..
##...# #..#.........#....###.....
)W...###..#..#..Z#..#....o.(.....
[......^..#....#.l..#............
).........#.....@...#.......)....
#####.#########)#########.#####..
# ##.#.## #.........#.z.......#..
###.###.###.####..#.#.#######z#..
##.##D##.##.........# (#( #.#..
#.##[["##.###..######.#.....#.#..
.##.[⌠"..#............#...))[....
#.##[:=##.######..###.#.....#.#..
##.##c ##.........# #)#(#)#.#..


You could see an orc knight, a wyvern and a centaur skeleton.

Vanquished Creatures
  A two-headed ogre (D:8)
  The ghost of keltmir the Changer, an amateur DrTm (D:5)
  A wyvern (D:9)
  A steam dragon (D:9)
  A sky beast (D:9)
  An ice beast (D:8)
  2 orc warriors
  A necrophage (D:9)
  4 ogres
  3 phantoms
  The ghost of keltmir the Changer, an amateur DrTm (D:3)
  A centaur (D:5)
  Blork the orc (D:6)
  A bullfrog (D:9)
  2 water moccasin zombies
  A scorpion (D:4)
  A water moccasin skeleton (D:7)
  2 wights (D:7)
  2 howler monkeys (D:9)
  5 crimson imps
  An orc priest (D:8)
  3 orc wizards
  2 centaur skeletons
  3 hounds
  5 jellies
  3 iguanas
  Jessica (D:3)
  6 worker ants
  Natasha (thrice) (D:2)
  A killer bee zombie (D:8)
  A worker ant zombie (D:5)
  3 gnolls (D:8)
  5 adders
  A shadow imp (D:9)
  An adder skeleton (D:5)
  3 worms
  2 dart slugs (D:3)
  5 leopard geckos
  17 orcs
  5 ball pythons
  3 bats
  2 giant cockroaches
  4 hobgoblins
  10 jackals
  6 kobolds
  2 quokkas
  2 frilled lizards (D:2)
  2 goblins
  A jackal skeleton (D:5)
  6 rats
142 creatures vanquished.

Vanquished Creatures (collateral kills)
  3 wights (D:7)
  An orc priest (D:9)
  3 orcs
7 creatures vanquished.

Vanquished Creatures (others)
  An ogre (D:7)
  An orc (D:9)
2 creatures vanquished.

Grand Total: 151 creatures vanquished

Notes
Turn   | Place    | Note
-------+----------+-------------------------------------------
     0 | D:1      | Qayin the Vampire Enchanter began the quest for the Orb.
     0 | D:1      | Reached XP level 1. HP: 13/13 MP: 3/3
   340 | D:1      | Reached XP level 2. HP: 19/19 MP: 3/5
   545 | D:2      | Learned a level 2 spell: Ensorcelled Hibernation
   594 | D:2      | Reached skill level 5 in Hexes
   889 | D:2      | Noticed Natasha
   899 | D:2      | Killed Natasha
   899 | D:2      | Reached XP level 3. HP: 20/24 MP: 1/6
   980 | D:2      | Reached skill level 5 in Stealth
   980 | D:2      | Reached skill level 1 in Ice Magic
  1001 | D:2      | Noticed Natasha
  1009 | D:2      | Killed Natasha
  1009 | D:2      | Reached XP level 4. HP: 30/30 MP: 1/7
  1132 | D:2      | Noticed Natasha
  1137 | D:2      | Killed Natasha
  1368 | D:3      | Noticed keltmir's ghost (amateur DrTm)
  1666 | D:3      | Found a radiant altar of Vehumet.
  1666 | D:3      | Found an iron altar of Okawaru.
  1666 | D:3      | Found a sparkling altar of Nemelex Xobeh.
  1667 | D:3      | Found a glowing silver altar of Zin.
  1674 | D:3      | Noticed Jessica
  1693 | D:3      | Killed Jessica
  1693 | D:3      | Reached XP level 5. HP: 35/35 MP: 5/8
  1768 | D:3      | Learned a level 3 spell: Tukima's Dance
  2352 | D:4      | Reached skill level 6 in Hexes
  2768 | D:4      | Reached XP level 6. HP: 41/41 MP: 5/9
  2787 | D:5      | Entered Level 5 of the Dungeon
  2787 | D:5      | Found Noklapte's Weapon Shop.
  2895 | D:5      | Found a shadowy altar of Dithmenos.
  3262 | D:5      | Reached skill level 7 in Hexes
  3262 | D:5      | Reached XP level 7. HP: 46/46 MP: 10/10
  3270 | D:5      | Found a glowing golden altar of the Shining One.
  3311 | D:5      | Learned a level 3 spell: Confuse
  3335 | D:5      | Found Kenep's Gadget Shoppe.
  3577 | D:5      | Noticed keltmir's ghost (amateur DrTm)
  3784 | D:5      | Reached skill level 5 in Dodging
  4034 | D:6      | Found a staircase to the Ecumenical Temple.
  4039 | Temple   | Entered the Ecumenical Temple
  4224 | Temple   | Became a worshipper of Makhleb the Destroyer
  4627 | D:3      | Found a radiant altar of Vehumet.
  4627 | D:3      | Found an iron altar of Okawaru.
  4627 | D:3      | Found a glowing silver altar of Zin.
  4628 | D:3      | Found a sparkling altar of Nemelex Xobeh.
  4686 | D:3      | Killed keltmir's ghost
  4779 | D:6      | Reached skill level 8 in Hexes
  4863 | D:6      | Got a pair of shimmering gloves
  4874 | D:6      | Identified the +0 pair of gloves "Tal Yrul" {*Slow Int+10 Stlth-} (You found it on level 6 of the Dungeon)
  4925 | D:6      | Noticed Blork the orc
  4946 | D:6      | Killed Blork the orc
  4946 | D:6      | Reached XP level 8. HP: 52/52 MP: 1/11
  5300 | D:6      | Reached skill level 9 in Hexes
  5330 | D:6      | Got a shimmering leather armour
  5341 | D:6      | Identified the cursed +0 leather armour of Servitude {rF+} (You found it on level 6 of the Dungeon)
  5638 | D:7      | Got a scorched falchion
  5639 | D:7      | Identified the +7 falchion "Qevuqiut" {slice, +Blink} (You found it on level 7 of the Dungeon)
  6055 | D:7      | Found a hide-covered altar of Uskayaw.
  6209 | D:6      | Found a staircase to the Ecumenical Temple.
  6678 | D:6      | Reached skill level 10 in Hexes
  6851 | D:5      | Killed keltmir's ghost
  6851 | D:5      | Reached * piety under Makhleb
  7049 | D:8      | Noticed Maurice
  7092 | D:8      | Reached XP level 9. HP: 57/57 MP: 9/12
  7209 | D:8      | Noticed a two-headed ogre
  7367 | D:8      | Noticed Joseph
  7693 | D:9      | Got a brightly glowing chain mail
  7721 | D:9      | Reached skill level 5 in Short Blades
  7721 | D:9      | Reached skill level 11 in Hexes
  7726 | D:9      | Learned a level 3 spell: Dazzling Spray
  7772 | D:9      | Noticed a centaur warrior
  7773 | D:9      | Noticed a fire dragon
  7885 | D:9      | Noticed Linguinho's ghost (novice DsFi)
  7908 | D:9      | Noticed an orc knight
  8272 | D:8      | Killed a two-headed ogre
  8272 | D:8      | Reached ** piety under Makhleb
  8272 | D:8      | Reached skill level 10 in Stealth
  8316 | D:9      | Reached skill level 12 in Hexes
  8405 | D:9      | Reached XP level 10. HP: 63/63 MP: 0/13
  8528 | D:9      | Slain by a wyvern

Skill      XL: |  1  2  3  4  5  6  7  8  9 |
---------------+----------------------------+-----
Hexes          | 5 6 7 8 10 12 | 12.2
Stealth        | 5 6 7 8 10 | 10.3
Ice Magic      | 1 2 3 |  3.7
Dodging        | 3 4 5 7 8 |  8.8
Short Blades   | 2 3 4 5 |  5.9
Spellcasting   | |  2.0

Action                   |  1- 3 |  4- 6 |  7- 9 | 10-12 || total
-------------------------+-------+-------+-------+-------++-------
Melee: Dagger            |    21 |       |       |       ||    21
       Short sword       |     8 |    44 |   178 |    18 ||   248
       Bite              |     1 |       |     9 |       ||    10
       Falchion          |       |       |     5 |       ||     5
 Fire: Hunting sling     |     4 |     7 |     2 |       ||    13
 Cast: Corona            |    11 |     6 |    23 |     1 ||    41
       Ensorcelled Hiber |     5 |    20 |    62 |     7 ||    94
       Confuse           |       |       |    24 |       ||    24
       Tukima's Dance    |       |       |    10 |       ||    10
 Abil: End Transformatio |       |       |     6 |       ||     6
       Bat Form          |       |       |     6 |       ||     6
Evoke: Wand              |       |       |     2 |       ||     2
  Use: Potion            |     1 |     4 |     8 |       ||    13
       Scroll            |       |     7 |     7 |       ||    14
 Stab: Sleeping          |    13 |    28 |    56 |     1 ||    98
       Confused          |       |       |    14 |       ||    14
       Distracted        |       |       |     4 |       ||     4
Armor: Robe              |     1 |     5 |     5 |       ||    11
       Leather armour    |       |       |    13 |     1 ||    14
Dodge: Dodged            |    12 |    18 |   114 |    24 ||   168
       Rpst.: Falchion   |       |       |     2 |       ||     2
